 Dungeon Crawl Stone Soup version 0.28-a0-1233-g92def6ad0a (webtiles) character file.

Game seed: 12768994815331636179

44 Lekart the Skirmisher (level 3, 0/33 HPs)
             Began as a Draconian Chaos Knight on Dec 23, 2021.
             Was a Plaything of Xom.
             Slain by a gnoll (16 damage)
             ... on level 2 of the Dungeon.
             The game lasted 00:00:58 (1128 turns).

Lekart the Skirmisher (Draconian Chaos Knight)      Turns: 1128, Time: 00:00:58

Health: 0/33       AC:  5    Str: 14    XL:     3   Next: 41%
Magic:  3/3        EV: 12    Int: 12    God:    Xom [.....*]
Gold:   68         SH:  0    Dex: 12    Spells: 2/2 levels left

rFire   . . .      SeeInvis .   a - +0 hand axe (chaos)
rCold   . . .      Faith    .   (no shield)
rNeg    . . .      Spirit   .   (armour unavailable)
rPois   .          Reflect  .   (helmet restricted)
rElec   .          Harm     .   (no cloak)
rCorr   .          Rampage  .   (no gloves)
Will    .....                   (no boots)
Stlth   +.........              (no amulet)
HPRegen 0.11/turn               (no ring)
MPRegen 0.08/turn               (no ring)

@: no status effects
A: AC +5, unfitting armour, cold-blooded
a: Renounce Religion


You were on level 2 of the Dungeon.
You worshipped Xom.
You were Xom's teddy bear.
You visited 1 branch of the dungeon, and saw 2 of its levels.

You collected 68 gold pieces.

Inventory:

Hand Weapons
 a - a +0 hand axe of chaos (weapon)
Scrolls
 b - 3 scrolls of enchant armour {unknown}
 c - a scroll of identify {unknown}
 e - a scroll of vulnerability {unknown}
Potions
 d - a potion of lignification {unknown}
 f - a potion of degeneration {unknown}
 g - a potion of might {unknown}


   Skills:
 + Level 3.9 Fighting
 + Level 3.8 Axes
 + Level 2.4 Dodging


You had 2 spell levels left.
You didn't know any spells.
Your spell library was empty.

Dungeon Overview and Level Annotations

Branches:
Dungeon (2/15)

Altars:


Innate Abilities, Weirdness & Mutations

Your plain brown scales are hard. (AC +5)
You cannot fit into any form of body armour.
You are cold-blooded and may be slowed by cold attacks.


Message History

You kill the worm!
No target in view!
No target in view!
Your trail of clouds dissipates.
Xom grants you a gift! Something appears at your feet!
g - a fizzy blue potion {god gift} No target in view!
No target in view!
No target in view!
A gnoll comes into view. It is wielding a +0 halberd.
The gnoll shouts!
A gnoll comes into view. It is wielding a +0 spear.
There are monsters nearby!
There are monsters nearby!
The gnoll shouts!
There are monsters nearby!
The gnoll shouts!
You hit the gnoll.
The gnoll flickers and vanishes!
Deactivating autopickup; reactivate with Ctrl-A.
Xom thinks this is hilarious!
The gnoll misses you. Something completely misses you.
There are monsters nearby!
The gnoll hits you with a +0 spear. Something hits you but does no damage.
You hit the gnoll.
The gnoll resists with some effort.
The gnoll is moderately wounded.
You hit the gnoll. You burn the gnoll. You hit something.
The gnoll hits you with a +0 spear. The gnoll barely misses you.
Something hits you. The gnoll misses you.
You hit the gnoll.
The gnoll evaporates and reforms as a bat!
The bat is severely wounded.
You completely miss the gnoll. You barely miss something.
The bat closely misses you. The gnoll closely misses you. Something hits you.
The gnoll misses you.
You hit the gnoll but do no damage.
The gnoll is moderately wounded.
You hit something. The bat hits you but does no damage. Something hits you.
Something hits you!
You die...

### ## ..# ##.###
#.###....#
#.#.....#
.####.....<.#
.#....g>...#
.##... #@...#
..... #.{b.#
##...###....#
.##........##.###.
........##........
..............###.
.#.....###...#
##......###.#
##.#.#.###.#


You could see a gnoll and a bat.

Vanquished Creatures
  An adder (D:2)
  A worm (D:2)
  2 dart slugs (D:1)
  A ball python (D:1)
  5 endoplasms
  3 giant cockroaches
  4 hobgoblins
  2 kobolds (D:1)
  4 bats
  A frilled lizard (D:1)
  3 rats (D:1)
27 creatures vanquished.

Notes
Turn   | Place    | Note
-------+----------+-------------------------------------------
     0 | D:1      | Lekart the Draconian Chaos Knight began the quest for the
                  | Orb.
     0 | D:1      | Reached XP level 1. HP: 19/19 MP: 1/1
   160 | D:1      | XOM is BORED!
   160 | D:1      | XOM: silly message
   179 | D:1      | Reached XP level 2. HP: 26/26 MP: 2/2
   314 | D:1      | XOM: silly message
   344 | D:1      | Found a faded altar of an unknown god.
   390 | D:1      | XOM: divination: detect creatures
   418 | D:1      | XOM: swap monsters
   821 | D:2      | Reached XP level 3. HP: 31/33 MP: 3/3
   961 | D:2      | XOM: cloud trail
  1078 | D:2      | XOM: god gift: fizzy blue potion {god gift}
  1128 | D:2      | Slain by a gnoll

Illustrated notes

Levels and vault maps discovered:
D:1:      arrival_zaba_pyramid, layout_basic, ebering_ecumenical_altar_box
D:2:      layout_loops_ring, uniq_sigmund

Action                   || total
-------------------------++-------
Melee: Hand axe          ||    70
       Tailslap          ||     8
 Stab: Sleeping          ||     3
Armor: Skin              ||    13
Dodge: Dodged            ||    44

Table legend: (Time is in decaauts)
 A = Elapsed time spent in this place.
 B = Non-inter-level travel time spent in this place.
 C = Inter-level travel time spent in this place.
 D = Time resting spent in this place.
 E = Time spent auto-exploring this place.
 F = Levels seen in this place.
 G = Mean time per level.
                   A        B        C        D        E       F      G
               +--------+--------+--------+--------+--------+-----+--------+
         Total |   1137 |   1126 |     11 |      0 |    937 |   2 |  568.5 |
       Dungeon |   1137 |   1126 |     11 |      0 |    937 |   2 |  568.5 |
               +--------+--------+--------+--------+--------+-----+--------+

Top non-repeatable levels by time:
     D:1: 699 daAuts
     D:2: 438 daAuts
